 Dungeon Crawl Stone Soup version 0.31-a0-115-g4708a659fe (webtiles) character file.

Game seed: 8980281730119794316

291042 MacCMillion the Severer (level 21, -4/179 HPs)
             Began as a Formicid Fighter on May 29, 2023.
             Was the Champion of Okawaru.
             Killed from afar by a deep elf high priest (19 damage)
             ... with damnation
             ... on level 3 of the Elven Halls.
             The game lasted 01:31:34 (48507 turns).

MacCMillion the Severer (Formicid Fighter)         Turns: 48507, Time: 01:31:35

Health: -4/179     AC: 40    Str: 41    XL:     21   Next: 65%
Magic:  21/27      EV: 12    Int: 11    God:    Okawaru [******]
Gold:   3129       SH: 26    Dex: 13    Spells: 20/20 levels left

rFire   + + +        a - +2 broad axe (spect)
rCold   x . .        Z - +8 tower shield of Rawoewke {rF++ rN+ Str+3}
rNeg    + + +        U - +15 Maxwell's patent armour {-Cast -Tele rElec Will+ rCorr}
rPois   +            (helmet unavailable)
rElec   +            A - scarf {rC+ rF+}
rCorr   +            q - +2 pair of gloves "Lonirat" {rN+++ Dex-4}
SInv    +            Q - +2 pair of boots {Fly}
Will    ++++.        S - amulet of the Slug {Rampage Regen+} Stlth
                     P - ring of Xoanus {rPois rC- Will+ Int+3 Dex+4}
HPRegen 1.29/turn    i - ring "Guczuan" {rC- Str+6 Slay+6}
MPRegen 0.20/turn

%: no spellcasting, rampage
@: flying, invisible
A: permanent stasis, dig shafts and tunnels, antennae 3, four strong arms,
subdued magic 1
}: 2/15 runes: decaying, gossamer
a: Dig, Shaft Self, Renounce Religion, Heroism, Finesse, Duel


You were on level 3 of the Elven Halls.
You worshipped Okawaru.
Okawaru was exalted by your worship.
You visited 7 branches of the dungeon, and saw 34 of its levels.
You also visited: Bailey and Desolation.

You collected 4841 gold pieces.
You spent 1712 gold pieces at shops.

Inventory:

Hand Weapons
 a - a +2 spectral broad axe (weapon)
 c - a +2 executioner's axe of freezing
 C - a +4 battleaxe of flaming
Missiles
 b - 6 javelins (quivered)
 g - 11 atropa-tipped darts
 l - 8 curare-tipped darts
 s - 34 boomerangs
 z - a throwing net
 T - 4 silver javelins
Armour
 q - the +2 pair of gloves "Lonirat" (worn) {rN+++ Dex-4}
   (Okawaru gifted it to you on level 4 of the Spider Nest)

   Dex:       It affects your dexterity (-4).
   rN:        It renders you almost immune to negative energy.
 t - a +0 pair of gloves of infusion
 A - a scarf of resistance (worn)
 N - the +0 cloak "Qutrekoa" {Rampage Dex+3 Stlth+}
   (You found it in the Desolation of Salt)

   Dex:       It affects your dexterity (+3).
   Rampage:   It bestows one free step when moving towards enemies.
   Stlth:     It makes you more stealthy.
 Q - a +2 pair of boots of flying (worn)
 U - the +15 Maxwell's patent armour (worn) {-Cast -Tele rElec Will+ rCorr}
   (You bought it in a shop on level 2 of the Orcish Mines)

   rElec:     It insulates you from electricity.
   -Cast:     It prevents spellcasting.
   -Tele:     It prevents most forms of teleportation.
   rCorr:     It protects you from acid and corrosion.
   Will:      It increases your willpower.
 Z - the +8 tower shield of Rawoewke (worn) {rF++ rN+ Str+3}
   (Okawaru gifted it to you on level 3 of the Elven Halls)

   Str:       It affects your strength (+3).
   rF:        It greatly protects you from fire.
   rN:        It protects you from negative energy.
Jewellery
 i - the ring "Guczuan" (right hand) {rC- Str+6 Slay+6}
   (You acquired it on level 4 of the Lair of Beasts)

   [ring of strength]

   Str:       It affects your strength (+6).
   Slay:      It affects your accuracy & damage with ranged weapons and melee
   (+6).
   rC:        It makes you vulnerable to cold.
 n - a +4 ring of protection
 r - the amulet "Syrchah" {rElec rPois rC+ Regen+}
   (You found it in the Desolation of Salt)

   [amulet of regeneration]

   rC:        It protects you from cold.
   rElec:     It insulates you from electricity.
   rPois:     It protects you from poison.
   Regen:     It increases your rate of health regeneration.
 D - a +4 ring of slaying
 P - the ring of Xoanus (left hand) {rPois rC- Will+ Int+3 Dex+4}
   (You took it off a kobold in a bailey)

   [ring of willpower]

   Int:       It affects your intelligence (+3).
   Dex:       It affects your dexterity (+4).
   rC:        It makes you vulnerable to cold.
   rPois:     It protects you from poison.
   Will:      It increases your willpower.
 S - the amulet of the Slug (around neck) {Rampage Regen+}
   (You found it on level 5 of the Lair of Beasts)

   [amulet of regeneration]

   Regen:     It increases your rate of health regeneration.
   Rampage:   It bestows one free step when moving towards enemies.
 Y - a ring of protection from cold
Wands
 h - a wand of light (10)
 o - a wand of digging (4)
 y - a wand of paralysis (14)
 L - a wand of iceblast (25)
 O - a wand of mindburst (11)
Scrolls
 j - 6 scrolls of noise
 m - 9 scrolls of vulnerability
 u - 2 scrolls of torment
 v - 8 scrolls of identify
 x - 3 scrolls of fog
 E - 2 scrolls of fear
 F - 5 scrolls of enchant weapon
 I - 6 scrolls of immolation
 J - 4 scrolls of poison
 K - 7 scrolls of enchant armour
 V - 4 scrolls of silence
 X - 3 scrolls of magic mapping
Potions
 d - 6 potions of brilliance
 e - 3 potions of heal wounds
 f - 4 potions of mutation
 k - 4 potions of resistance
 p - a potion of invisibility
 w - 8 potions of attraction
 B - 4 potions of cancellation
 G - 9 potions of enlightenment
 H - 6 potions of magic
 M - 5 potions of lignification
 R - 10 potions of curing
 W - 6 potions of ambrosia


   Skills:
 + Level 18.8 Fighting
 - Level 20.0 Axes
 + Level 14.7 Throwing
 + Level 18.1 Armour
 - Level 8.0 Dodging
 + Level 15.3 Shields
 - Level 8.0 Invocations


You had 20 spell levels left.
You didn't know any spells.
Your spell library contained the following spells:

 Spells                   Type           Power      Damage    Failure   Level
 Freeze                   Ice            0%         1d3       86%         1
 Kiss of Death            Conj/Necr      0%         2d5       86%         1
 Necrotise                Necr           0%         1d4       86%         1
 Slow                     Hex            0%         N/A       86%         1
 Cigotuvi's Dreadful Rot  Necr/Pois/Air  0%         N/A       95%         2
 Ensorcelled Hibernation  Hex/Ice        0%         N/A       95%         2
 Lesser Beckoning         Tloc           0%         N/A       95%         2
 Passwall                 Tmut/Erth      0%         N/A       95%         2
 Wereblood                Tmut           0%         N/A       95%         2
 Confusing Touch          Hex            0%         N/A       99%         3
 Gell's Gravitas          Tloc           0%         N/A       99%         3
 Hailstorm                Conj/Ice       0%         3d3       99%         3
 Ignite Poison            Fire/Tmut/Pois 0%         N/A       99%         3
 Ozocubu's Armour         Ice            0%         N/A       99%         3
 Portal Projectile        Hex/Tloc       0%         N/A       99%         3
 Spider Form              Tmut/Pois      0%         N/A       99%         3
 Teleport Other           Tloc           0%         N/A       99%         3
 Vampiric Draining        Necr           0%         2d6       99%         3
 Anguish                  Hex/Necr       0%         N/A       100%        4
 Cause Fear               Hex            0%         N/A       100%        4
 Dispel Undead            Necr           0%         3d6       100%        4
 Ice Form                 Ice/Tmut       0%         N/A       100%        4
 Iskenderun's Mystic Bla  Conj/Tloc      0%         2d3       100%        4
 Leda's Liquefaction      Hex/Erth       0%         N/A       100%        4
 Manifold Assault         Tloc           0%         N/A       100%        4
 Passage of Golubria      Tloc           0%         N/A       100%        4
 Petrify                  Tmut/Erth      0%         N/A       100%        4
 Sticky Flame             Conj/Fire      0%         2d3       100%        4
 Agony                    Necr           0%         N/A       100%        5
 Irradiate                Conj/Tmut      0%         3d11      100%        5
 Metabolic Englaciation   Hex/Ice        0%         N/A       100%        5
 Yara's Violent Unravell  Hex/Tmut       0%         3d3       100%        5
 Dispersal                Tloc           0%         N/A       100%        6
 Eringya's Noxious Bog    Tmut/Pois      0%         N/A       100%        6
 Statue Form              Tmut/Erth      0%         N/A       100%        6
 Enfeeble                 Hex            0%         N/A       100%        7
 Ozocubu's Refrigeration  Ice            0%         4d7       100%        7
 Storm Form               Tmut/Air       0%         N/A       100%        7
 Disjunction              Tloc           0%         N/A       100%        8
 Ignition                 Fire           0%         3d3       100%        8
 Blink                    Tloc           Unusable   N/A       N/A         2
 Call Canine Familiar     Summ           Unusable   N/A       N/A         3
 Swiftness                Air            Unusable   N/A       N/A         3
 Tukima's Dance           Hex            Unusable   N/A       N/A         3
 Death Channel            Necr           Unusable   N/A       N/A         6
 Simulacrum               Ice/Necr       Unusable   N/A       N/A         6

Dungeon Overview and Level Annotations

Branches:
Dungeon (15/15)            Temple (1/1) D:7            Lair (5/5) D:10
  Swamp (4/4) Lair:2       Spider (4/4) Lair:3        Slime (0/5) Lair:5
    Orc (2/2) D:10            Elf (3/3) Orc:2        Vaults (0/5) D:14
 Depths (0/4) D:15         Bailey (visited)         Desolation (visited)

Altars:
Ashenzari
Cheibriados
Dithmenos
Elyvilon
Fedhas
Gozag
Hepliaklqana
Kikubaaqudgha
Makhleb
Nemelex Xobeh
Okawaru
Qazlal
Ru
Sif Muna
Trog
Uskayaw
Vehumet
Wu Jian
Xom
Yredelemnul
Zin
The Shining One
Jiyva

Shops:
Orc:2 ?([?

Portals:
Trove: D:15 (give +5 demon blade)

Annotations:
D:4 Grinder
D:5 exclusion: statue
D:6 3 runed translucent doors, PirateVox's ghost, novice TrMo
Lair:3 exclusion: oklob plant
Lair:5 1 runed translucent door
Spider:4 1 exclusion


Innate Abilities, Weirdness & Mutations

You cannot be hasted, slowed, berserked, paralysed or teleported.
You can dig through walls and to a lower floor.
You have a pair of large antennae on your head. (SInv)
Your four strong arms can wield two-handed weapons with a shield.
Your spells are a little easier to cast, but a little less powerful.


Message History

The lorocyproca burns!
A deep elf high priest comes into view. It is wielding a +0 long sword.
The deep elf demonologist mumbles some strange words.
There is an open door here.
The deep elf high priest shouts!
The lorocyproca burns!
The balrug gestures at you. Something smites you!
* * * LOW HITPOINT WARNING * * *
The deep elf demonologist mumbles some strange words.
The balrug gestures at you. Something smites you!
* * * LOW HITPOINT WARNING * * *
Press: ? - help, v - describe, . - travel
Here: a lorocyproca (moderately wounded, summoned, slightly transparent, covered in liquid flames)
The floor.
You fade into invisibility!
The lorocyproca burns!
The lorocyproca burns!
The lorocyproca stops burning.
The lorocyproca attacks as you move away!
The lorocyproca hits you!
* * * LOW HITPOINT WARNING * * *
You feel your power leaking away.
Press: ? - help, v - describe, . - travel
Here: a deep elf high priest, wielding a +0 long sword and wearing a +0 chain mail (unable to see you)
The floor.
Unknown command.
The Ice Fiend calls on the powers of darkness!
The deep elf demonologist convulses!
The deep elf high priest convulses!
The deep elf annihilator convulses!
Your body is wracked with pain!
* * * LOW HITPOINT WARNING * * *
You barely miss the lorocyproca.
The lorocyproca is moderately wounded.
Your +2 spectral broad axe barely misses the lorocyproca.
The lorocyproca disappears in a puff of smoke!
Your +2 spectral broad axe disappears.
You are no longer corroded.
The deep elf high priest calls down the wrath of its god upon something.
The sphere of damnation explodes!
The damnation engulfs you!!
You die...

.##.....
.........##e......#
'......
#.......'..)....#
#......
##.....3##.....##
#.....#
##..21.###...##
#.....# #ยง....#
##'## { #.....##
##.e...# ...#
#......## ##......#
...#
#..)))).###.......#
:##
##...[[....@.....##
##..)..........##
#.............#
###..).[....###
##.))....##
####)#### #.).###
#..)..# ##.#..# #


You could see an Ice Fiend (summoned), a balrug (summoned), a sun demon
(summoned, unable to see you) and a deep elf high priest (unable to see you).

Vanquished Creatures
  Bai Suzhen (Swamp:4)
  A tentacled monstrosity (Swamp:4)
  Mlioglotl (Swamp:1)
  Rupert (D:14)
  5 deep elf blademasters
  2 deep elf master archers (Elf:3)
  Frances (D:14)
  Kirke (D:13)
  Agnes (Spider:2)
  A thorn hunter (Swamp:4)
  Donald (Swamp:1)
  Roxanne (Spider:1)
  A fenstrider witch (Swamp:4)
  6 ghost moths
  6 emperor scorpions
  2 imperial myrmidons (Desolation)
  Aizul (Elf:2)
  7 deep elf sorcerers
  An orc warlord (Elf:1)
  8 deep elf elementalists
  3 broodmothers
  3 eleionomae
  5 dire elephants
  9 deep elf annihilators (Elf:3)
  5 deep elf demonologists (Elf:3)
  5 spark wasps
  A halazid warlock (Desolation)
  4 bunyips
  A deep elf death mage (Elf:3)
  8 ragged hierophants (Desolation)
  2 crystal guardians (Desolation)
  4 deep elf high priests
  2 shambling mangroves
  Josephine (D:14)
  A rakshasa (D:14)
  Harold (D:10)
  An entropy weaver (Spider:4)
  A vault guard (D:15)
  Erolcha (D:9)
  20 hydras
  5 servants of whispers (Desolation)
  6 peacekeepers (Desolation)
  3 ghost crabs
  10 radroaches
  7 centaur warriors
  A jorogumo (Spider:2)
  21 dancing weapons
  6 two-headed ogres
  A catoblepas (D:15)
  4 alligators
  7 boulder beetles
  2 tengu warriors
  A death yak (Lair:5)
  4 orc high priests
  19 deep elf knights
  Sonja (Orc:1)
  2 sun moths
  8 pharaoh ants
  9 goliath frogs
  An obsidian statue (Lair:5)
  A spectral anaconda (Lair:5)
  A death drake (Swamp:4)
  6 spriggan druids
  3 bog bodies
  9 swamp dragons
  12 steelbarb worms
  Pikel (D:4)
  10 deep elf archers
  24 deep elf pyromancers
  8 orb spiders
  16 orc knights
  6 necromancers
  2 ironbound convokers (Desolation)
  7 ugly things
  A harpy (shapeshifter) (Elf:1)
  17 wolf spiders
  26 deep elf zephyrmancers
  A faun (shapeshifter) (Elf:2)
  6 will-o-the-wisps
  A salamander (D:15)
  4 moths of wrath
  5 manticores
  2 cyclopes
  19 elephants
  13 slime creatures
  Maurice (D:8)
  A black mamba (shapeshifter) (Elf:2)
  2 guardian serpents (Desolation)
  4 black mambas
  8 demonic crawlers
  A water nymph (shapeshifter) (D:9)
  3 gargoyles
  7 torpor snails
  Maggie (D:7)
  11 cane toads
  3 rime drakes
  Psyche (D:8)
  A dire elephant skeleton (Lair:5)
  An efreet (D:13)
  10 komodo dragons
  An unseen horror (shapeshifter) (D:15)
  An unseen horror (D:11)
  2 tengu conjurers
  7 meliai (Spider:4)
  9 trolls
  A troll (shapeshifter) (D:14)
  3 polar bears
  11 tyrant leeches
  3 bloated husks
  10 hornets
  Prince Ribbit (D:7)
  15 tarantellas
  37 saltlings (Desolation)
  21 blink frogs
  9 spriggans
  11 culicivoras
  A vampire (D:9)
  19 jumping spiders
  3 shadows
  An air elemental (Elf:2)
  6 wraiths
  50 yaks
  3 fire elementals
  A ynoxinul (D:9)
  7 hogs (D:13)
  4 wyverns
  A hog (shapeshifter) (D:14)
  Grum (D:9)
  3 death yak simulacra (Lair:5)
  28 redbacks
  11 vampire mosquitoes
  5 basilisks
  2 steam dragons (D:9)
  2 acid dragons
  11 swamp worms
  2 wargs
  7 swamp drakes (Swamp:4)
  16 water moccasins
  60 orc warriors
  3 ice beasts
  2 sky beasts
  A black bear (D:5)
  2 elephant zombies (Lair:5)
  6 ogres
  16 centaurs
  14 wolves
  An elephant skeleton (Lair:5)
  2 lemures (D:4)
  4 kobold brigands
  3 earth elementals (Elf:2)
  2 gnoll sergeants
  16 bullfrogs
  A cyclops zombie (Orc:1)
  3 scorpions (D:5)
  9 wights
  4 cane toad simulacra (Lair:5)
  An elephant simulacrum (Lair:5)
  7 killer bees
  4 howler monkeys
  An electric eel (Spider:1)
  6 hounds
  A jelly (D:7)
  3 gnoll boudas
  11 orc priests
  2 sleepcaps
  3 iguanas
  20 orc wizards
  22 gnolls
  12 adders
  An orc skeleton (Orc:1)
  A white imp (D:8)
  2 orc simulacra (Orc:1)
  2 ufetubi (D:5)
  2 orc zombies (Orc:1)
  2 worms
  3 dart slugs
  68 orcs
  7 bats
  3 endoplasms
  2 giant cockroaches
  10 goblins
  6 hobgoblins
  9 jackals
  A quokka (D:3)
  4 ball pythons
  7 frilled lizards
  31 kobolds
  7 rats
  3 spectral weapons
1240 creatures vanquished.

Vanquished Creatures (others)
  A spriggan (Swamp:4)
  A bloated husk (Swamp:4)
  A hornet (Swamp:4)
  2 foxfires (Swamp:3)
  28 spectral weapons
33 creatures vanquished.

Grand Total: 1273 creatures vanquished

Notes
Turn   | Place    | Note
-------+----------+-------------------------------------------
     0 | D:1      | MacCMillion the Formicid Fighter began the quest for the
                  | Orb.
     0 | D:1      | Reached XP level 1. HP: 18/18 MP: 1/1
    51 | D:1      | Reached XP level 2. HP: 24/24 MP: 2/2
   653 | D:2      | Reached skill level 3 in Axes
   653 | D:2      | Reached XP level 3. HP: 24/29 MP: 3/3
  1000 | D:2      | Reached XP level 4. HP: 35/35 MP: 4/4
  1258 | D:2      | Found a faded altar of an unknown god.
  1566 | D:2      | Reached skill level 4 in Axes
  1934 | D:3      | Reached XP level 5. HP: 35/41 MP: 5/5
  2487 | D:3      | Reached skill level 5 in Axes
  2708 | D:4      | Reached XP level 6. HP: 43/47 MP: 6/6
  2867 | D:4      | Noticed Pikel
  3309 | D:4      | Reached skill level 6 in Axes
  3337 | D:4      | Killed Pikel
  3338 | D:4      | Reached skill level 8 in Axes
  3338 | D:4      | Reached XP level 7. HP: 15/52 MP: 7/7
  3522 | D:4      | Reached XP level 8. HP: 58/58 MP: 8/8
  3546 | D:4      | Noticed Grinder
  3590 | D:5      | Entered Level 5 of the Dungeon
  3779 | D:5      | Reached skill level 9 in Axes
  4174 | D:5      | Reached skill level 10 in Axes
  4331 | D:5      | Found a radiant altar of Vehumet.
  4392 | D:5      | Reached XP level 9. HP: 62/65 MP: 9/9
  4858 | D:5      | Reached skill level 5 in Fighting
  5187 | D:6      | Found a runed translucent gate.
  5187 | D:6      | Found a runed translucent gate.
  5187 | D:6      | Found a runed translucent gate.
  5211 | D:6      | Reached skill level 11 in Axes
  5544 | D:6      | Noticed PirateVox's ghost (novice TrMo)
  6229 | D:7      | Noticed Maggie
  6399 | D:7      | Killed Maggie
  6400 | D:7      | Reached XP level 10. HP: 48/79 MP: 10/10
  6517 | D:7      | Found a sparkling altar of Nemelex Xobeh.
  6646 | D:7      | Reached skill level 12 in Axes
  7088 | D:7      | Found a staircase to the Ecumenical Temple.
  7100 | Temple   | Entered the Ecumenical Temple
  7214 | Temple   | Became a worshipper of Warmaster Okawaru
  7434 | D:7      | Noticed Prince Ribbit
  7449 | D:7      | Killed Prince Ribbit
  7450 | D:7      | Reached skill level 1 in Invocations
  7929 | D:8      | Reached * piety under Okawaru
  8473 | D:8      | Noticed a +0 dagger
  8474 | D:8      | Noticed a +3 hand axe
  8477 | D:8      | Found a hide-covered altar of Uskayaw.
  8483 | D:8      | Noticed Maurice
  8508 | D:8      | Killed Maurice
  8577 | D:8      | Found an ancient bone altar of Kikubaaqudgha.
  8577 | D:8      | Found an ornate altar of the Wu Jian Council.
  8777 | D:8      | Found a glowing silver altar of Zin.
  8817 | D:8      | Noticed Psyche
  8837 | D:8      | Killed Psyche
  9367 | D:8      | Reached skill level 5 in Armour
  9409 | D:8      | Reached ** piety under Okawaru
 10029 | D:8      | Reached XP level 11. HP: 89/89 MP: 14/14
 10355 | D:9      | Noticed Erolcha
 10356 | D:9      | Found a bloodstained altar of Trog.
 10376 | D:9      | Killed Erolcha
 10377 | D:9      | Reached skill level 5 in Invocations
 10582 | D:9      | Identified the +3 rapier of Attainder {antimagic, rC+}
 10682 | D:9      | Reached *** piety under Okawaru
 10689 | D:9      | Reached skill level 13 in Axes
 10690 | D:9      | Reached skill level 10 in Fighting
 10752 | D:9      | Found a flagged portal.
 10768 | Bailey   | Entered a bailey
 10898 | Bailey   | Identified the +8 glaive of Luepnu {freeze, rCorr Str+4
                  | Int+4}
 11112 | Bailey   | Noticed an orc knight
 11115 | Bailey   | an orc knight changed into a swamp dragon
 11115 | Bailey   | Noticed a swamp dragon
 11127 | Bailey   | Killed a swamp dragon
 11359 | Bailey   | Identified the ring of Xoanus {rPois rC- Will+ Int+3 Dex+4}
 11511 | Bailey   | Reached **** piety under Okawaru
 12084 | D:9      | Noticed Grum
 12105 | D:9      | Killed Grum
 12318 | D:9      | Noticed a mana viper
 12409 | D:9      | Noticed a centaur warrior
 12417 | D:9      | Killed a centaur warrior
 12475 | D:9      | Found a shimmering blue altar of Sif Muna.
 12482 | D:9      | Got Sif Muna's Omnibus of Shifting
 12733 | D:10     | Entered Level 10 of the Dungeon
 12733 | D:10     | Noticed a two-headed ogre
 12742 | D:9      | Killed a two-headed ogre
 12743 | D:9      | Reached XP level 12. HP: 78/97 MP: 15/15
 12799 | D:10     | Reached ***** piety under Okawaru
 12906 | D:10     | Reached skill level 14 in Axes
 13148 | D:10     | Found a staircase to the Lair.
 13170 | D:10     | Received a gift from Okawaru
 13200 | D:10     | Noticed a tengu warrior
 13211 | D:10     | Killed a tengu warrior
 13454 | D:10     | Reached skill level 10 in Armour
 13514 | D:10     | Found a staircase to the Orcish Mines.
 14051 | D:11     | Noticed Harold
 14075 | D:10     | Killed Harold
 14076 | D:10     | Reached skill level 1 in Throwing
 14423 | D:11     | Identified the +1 scale mail of the Mackerel {rF+ Will+
                  | Regen+ rCorr}
 14484 | D:11     | Noticed a two-headed ogre
 14503 | D:11     | Killed a two-headed ogre
 14503 | D:11     | Noticed a two-headed ogre
 14512 | D:11     | Killed a two-headed ogre
 15276 | D:11     | Found the +3 Elemental Staff {rElec rF+ rC+ AC+3}
 15350 | Lair:1   | Entered Level 1 of the Lair of Beasts
 15589 | Lair:1   | Reached skill level 15 in Axes
 15589 | Lair:1   | Reached XP level 13. HP: 97/103 MP: 18/18
 15596 | Lair:1   | Received a gift from Okawaru
 15692 | Lair:1   | Found a hide-covered altar of Uskayaw.
 15754 | Lair:1   | Reached skill level 5 in Throwing
 16631 | Lair:2   | Identified the +2 great mace of Irutu Ryliu {flame, Drain
                  | Dex+6} (Okawaru gifted it to you on level 2 of the Lair of
                  | Beasts)
 16631 | Lair:2   | Received a gift from Okawaru
 16700 | Lair:1   | Reached skill level 16 in Axes
 16901 | Lair:1   | Reached skill level 1 in Dodging
 17420 | Lair:2   | Noticed a four-headed hydra
 17429 | Lair:2   | Killed a one-headed hydra
 17962 | Lair:2   | Found a staircase to the Swamp.
 18281 | Lair:2   | Reached ****** piety under Okawaru
 18607 | Lair:3   | Identified the +5 scale mail of the Vacuum {rF+} (Okawaru
                  | gifted it to you on level 3 of the Lair of Beasts)
 18607 | Lair:3   | Received a gift from Okawaru
 18638 | Lair:3   | Reached XP level 14. HP: 84/111 MP: 20/20
 19461 | Lair:3   | Found a hole to the Spider Nest.
 20038 | Lair:4   | Identified a scroll of acquirement
 20040 | Lair:4   | Acquired the ring "Guczuan" {rC- Str+6 Slay+6}
 20905 | Lair:5   | Entered Level 5 of the Lair of Beasts
 20922 | Lair:5   | Identified the +1 ring mail of Jeoheir {rElec Int+2}
 20998 | Lair:5   | Reached skill level 5 in Dodging
 21352 | Lair:5   | Received a gift from Okawaru
 21511 | Lair:5   | Found a runed translucent door.
 21511 | Lair:5   | Found a viscous altar of Jiyva.
 21535 | Lair:5   | Found a staircase to the Slime Pits.
 21994 | Lair:5   | Noticed a dire elephant
 21994 | Lair:5   | Noticed a dire elephant
 21995 | Lair:5   | Noticed a dire elephant
 22710 | Lair:5   | Noticed a dire elephant
 22723 | Lair:5   | Killed a dire elephant
 22723 | Lair:5   | Received a gift from Okawaru
 22976 | Lair:5   | Reached XP level 15. HP: 116/121 MP: 19/21
 22999 | Lair:5   | Identified the +6 war axe of the Inquisitive Dreams {heavy,
                  | Dex+3 Stlth+} (Okawaru gifted it to you on level 5 of the
                  | Lair of Beasts)
 22999 | Lair:5   | Received a gift from Okawaru
 23805 | Lair:5   | Identified the amulet of the Slug {Rampage Regen+}
 23975 | Orc:1    | Entered Level 1 of the Orcish Mines
 24362 | Orc:1    | Noticed Sonja
 24369 | Orc:1    | Killed Sonja
 24764 | Orc:2    | Entered Level 2 of the Orcish Mines
 24907 | Orc:2    | Received a gift from Okawaru
 25042 | Orc:2    | Identified the +8 broad axe "Ighipne" {elec, rCorr}
                  | (Okawaru gifted it to you on level 2 of the Orcish Mines)
 25042 | Orc:2    | Received a gift from Okawaru
 25046 | Orc:2    | Found Diusoj Cyu's Weapon Shop.
 25046 | Orc:2    | Found Soetum's Armour Shoppe.
 25048 | Orc:2    | Found Vitafe's Magic Scroll Emporium.
 25057 | Orc:2    | Found Dommyg's Magic Scroll Boutique.
 25174 | Orc:2    | Bought a scroll of magic mapping for 90 gold pieces
 25185 | Orc:2    | Bought a scroll of brand weapon for 133 gold pieces
 25246 | Orc:2    | Found a staircase to the Elven Halls.
 26166 | Orc:1    | Found a shimmering blue altar of Sif Muna.
 26178 | Orc:1    | Got Sif Muna's Guidebook on Chilblains
 26610 | D:12     | Found a sacrificial altar of Ru.
 27546 | D:13     | Received a gift from Okawaru
 27549 | D:13     | Reached skill level 5 in Shields
 27598 | D:13     | Noticed Kirke
 27608 | D:13     | Killed Kirke
 27609 | D:13     | Reached XP level 16. HP: 124/131 MP: 22/22
 28280 | D:14     | Noticed Josephine
 28284 | D:14     | Killed Josephine
 28666 | D:14     | Reached skill level 10 in Throwing
 29097 | D:14     | Found a gate to the Vaults.
 29101 | D:14     | Identified the +2 falchion "Terchoy" {holy, rPois rC+ SInv}
 29159 | D:14     | Noticed Rupert
 29183 | D:14     | Killed Rupert
 29183 | D:14     | Received a gift from Okawaru
 29573 | D:14     | Noticed Frances
 29585 | D:14     | Killed Frances
 29803 | D:15     | Entered Level 15 of the Dungeon
 29988 | D:15     | Found a staircase to the Depths.
 30147 | D:15     | Found a portal to a secret trove of treasure.
 30214 | D:15     | Received a gift from Okawaru
 31155 | Swamp:1  | Entered Level 1 of the Swamp
 31194 | Spider:1 | Entered Level 1 of the Spider Nest
 31211 | Spider:1 | Received a gift from Okawaru
 31461 | Spider:1 | Received a gift from Okawaru
 31906 | Spider:1 | Identified Roxanne's Octavo of Forms
 31906 | Spider:1 | Noticed Roxanne
 31939 | Spider:1 | Killed Roxanne
 32276 | Spider:2 | Noticed an emperor scorpion
 32286 | Spider:2 | Killed an emperor scorpion
 32481 | Spider:2 | Reached skill level 17 in Axes
 32665 | Spider:2 | Noticed an emperor scorpion
 32675 | Spider:2 | Killed an emperor scorpion
 32676 | Spider:2 | Reached XP level 17. HP: 126/140 MP: 21/23
 32714 | Spider:2 | Received a gift from Okawaru
 32738 | Spider:2 | Noticed Agnes
 32751 | Spider:2 | Killed Agnes
 33207 | Spider:2 | Received a gift from Okawaru
 33403 | Spider:2 | Reached skill level 15 in Fighting
 33430 | Spider:2 | Reached skill level 10 in Shields
 34602 | Spider:3 | Reached skill level 18 in Axes
 35784 | Spider:4 | Entered Level 4 of the Spider Nest
 35932 | Spider:3 | Received a gift from Okawaru
 36317 | Spider:3 | Received a gift from Okawaru
 36698 | Spider:4 | Reached XP level 18. HP: 110/149 MP: 24/24
 36705 | Spider:4 | Received a gift from Okawaru
 37115 | Spider:4 | Identified the +2 pair of gloves "Lonirat" {rN+++ Dex-4}
                  | (Okawaru gifted it to you on level 4 of the Spider Nest)
 37115 | Spider:4 | Received a gift from Okawaru
 37680 | Spider:4 | Gained mutation: Your spells are a little easier to cast,
                  | but a little less powerful. [mutagenic glow]
 37734 | Spider:4 | Got a gossamer rune of Zot
 38329 | Swamp:1  | Noticed Donald
 38339 | Swamp:1  | Reached skill level 15 in Armour
 38347 | Swamp:1  | Killed Donald
 38606 | Swamp:1  | Noticed Mlioglotl
 38611 | Swamp:1  | Killed Mlioglotl
 39714 | Swamp:2  | Received a gift from Okawaru
 40116 | Swamp:3  | Received a gift from Okawaru
 40221 | Swamp:3  | Reached XP level 19. HP: 158/158 MP: 25/25
 40647 | Swamp:4  | Entered Level 4 of the Swamp
 40669 | Swamp:4  | Noticed a tentacled monstrosity
 40681 | Swamp:4  | Killed a tentacled monstrosity
 40798 | Swamp:3  | Reached skill level 19 in Axes
 40940 | Swamp:4  | Noticed Bai Suzhen
 40944 | Swamp:4  | Identified the +6 war axe of the Grinning Eel {flame, rC+
                  | Str+3 Int+3} (Okawaru gifted it to you on level 4 of the
                  | Swamp)
 40944 | Swamp:4  | Received a gift from Okawaru
 40954 | Swamp:4  | Killed Bai Suzhen
 41579 | Swamp:4  | Identified the +4 battleaxe "Demonslayer" {venom, rPois
                  | Will+ Str+2 Int-5}
 41614 | Swamp:4  | Got a decaying rune of Zot
 41916 | Orc:2    | Bought the +15 Maxwell's patent armour {-Cast -Tele rElec
                  | Will+ rCorr} for 1489 gold pieces
 41916 | Orc:2    | Found the +15 Maxwell's patent armour {-Cast -Tele rElec
                  | Will+ rCorr}
 41947 | Elf:1    | Entered Level 1 of the Elven Halls
 42165 | Elf:1    | Received a gift from Okawaru
 42209 | Elf:1    | Identified the +0 ring mail of the Nexus {rF- Regen+ Dex+7}
                  | (Okawaru gifted it to you on level 1 of the Elven Halls)
 42209 | Elf:1    | Received a gift from Okawaru
 42375 | Elf:1    | Found a shimmering blue altar of Sif Muna.
 42528 | Elf:1    | Found a crumbling gateway.
 42540 | Desolati | Entered the Desolation of Salt
 42569 | Desolati | Reached XP level 20. HP: 158/168 MP: 26/26
 42704 | Desolati | Identified the staff of air "Riok Wua" {rElec rN+ Dex+3}
 43259 | Desolati | Identified the amulet "Syrchah" {rElec rPois rC+ Regen+}
 43264 | Desolati | Identified the +0 cloak "Qutrekoa" {Rampage Dex+3 Stlth+}
 43288 | Desolati | Identified the +5 scale mail of Nyelekh {rF+ Int+2 Dex-2
                  | Slay+2}
 43695 | Desolati | Identified the +7 dagger of Unpleasantness {protect, Will+}
 43697 | Desolati | Identified the ring "Rune" {rN+ Str-2 Dex+5}
 43698 | Desolati | Identified the ring "Juots" {rPois Str+4 Int-4 Dex+3}
 44160 | Elf:1    | Identified the +0 pair of gloves of Hysh {Str+8 Int-3
                  | Dex-4} (Okawaru gifted it to you on level 1 of the Elven
                  | Halls)
 44160 | Elf:1    | Received a gift from Okawaru
 44257 | Elf:1    | Reached skill level 15 in Shields
 44550 | Elf:2    | Found a runed translucent gate.
 44550 | Elf:2    | Found a runed translucent gate.
 44552 | Elf:2    | Found a runed translucent gate.
 45188 | Elf:2    | Noticed Aizul
 45196 | Elf:2    | Reached skill level 20 in Axes
 45204 | Elf:2    | Killed Aizul
 45652 | Elf:2    | Reached XP level 21. HP: 168/177 MP: 27/27
 45664 | Elf:2    | Received a gift from Okawaru
 45986 | Elf:3    | Entered Level 3 of the Elven Halls
 47199 | Elf:3    | Identified the +7 dagger of the Protecting Whale {protect,
                  | rPois Int+2}
 47490 | Elf:3    | Received a gift from Okawaru
 47623 | Elf:3    | Identified the +6 falchion "Nitoiss" {freeze, rF+ Str+3
                  | Int-4}
 47649 | Elf:3    | Identified the +8 tower shield of Rawoewke {rF++ rN+ Str+3}
                  | (Okawaru gifted it to you on level 3 of the Elven Halls)
 47649 | Elf:3    | Received a gift from Okawaru
 48295 | Elf:3    | Identified the +3 mace of Jakiutuq {protect, Contam rCorr
                  | Str+3 Int+3}
 48477 | Elf:3    | Identified the ring "Munaja" {rF+ Will- rCorr Str+4 SInv}
 48490 | Elf:3    | Noticed a Brimstone Fiend
 48507 | Elf:3    | Killed from afar by a deep elf high priest

Illustrated notes

Levels and vault maps discovered:
D:1:      amcnicky_arrival_underground_garden, layout_basic
D:2:      layout_loops_ring, shapermc_ecumenical_altar_mp_vishouse,
          nicolae_elevator_lobby_asterisk
D:3:      cheibrodos_pilgrimage, layout_rooms, st_stairs_5, minivault_19
D:4:      layout_basic, nicolae_underground_beach, uniq_crazy_yiuf_cottage,
          uniq_pikel, uniq_grinder
D:5:      layout_rooms, vehumet_statue, serial_park_tiny_pond
D:6:      layout_rooms, gammafunk_ghost_necromancy
D:7:      layout_basic, mainiacjoe_overflow_cross_hatched, temple_hall,
          grunt_ministairs_15, uniq_prince_ribbit1, uniq_maggie
D:8:      minmay_octagon_keep, layout_gridville, lemuel_coloured_pillars_altar,
          dancing_weapons_uskayaw, amethyst_overflow_temple_binary, uniq_psyche,
          uniq_maurice
D:9:      minmay_chambers_of_sixes, layout_basic,
          nzn_overflow_gifts_of_might_and_magic, enter_bailey_2,
          nzn_life_drinkers, uniq_erolcha, uniq_grum
D:10:     layout_irregular_city, david_lair_shrubbed, david_orc_1_choice
D:11:     layout_small_grid, hangedman_decor_clover_reticule, uniq_harold
D:12:     layout_roguey, nicolae_ru_the_path_less_chosen
D:13:     layout_loops_cross, st_stairs_11, uniq_kirke
D:14:     layout_roguey, david_vaults_4, uniq_rupert, uniq_frances,
          uniq_josephine
D:15:     hangedman_depths_entry_try_elsewhere_first, layout_small_grid,
          enter_trove_5
Temple:   jpeg_temple_clearing
Lair:1:   layout_hall_layers, basic_altar, lemuel_fruit_tree,
          serial_bayou_shore_b
Lair:2:   layout_regular_city, swamp_mist, minmay_holes, minivault_11,
          chequers_serial_rivers_micro_d, grunt_megastairs_5
Lair:3:   dpeg_oklob_gauntlet, layout_hall_layers, dummy_spider_entry,
          grunt_megastairs_4
Lair:4:   layout_regular_city
Lair:5:   due_jungle_book, layout_gridlike, slime_entry_2,
          chequers_serial_rivers_room_a
Swamp:1:  nicolae_swamp_ascending_descending_big, layout_basic_swamp,
          evilmike_swamp_ruin_rubble_2, uniq_mlioglotl, uniq_donald
Swamp:2:  layout_basic_swamp, serial_swamp_ruin, evilmike_swamp_ruin_house_3,
          hangedman_swamp_ruin_wall
Swamp:3:  layout_falls_marsh, evilmike_swamp_ruin_house_2
Swamp:4:  swamp, layout_basic_swamp, swamp_pool1, uniq_bai_suzhen
Spider:1: layout_spider_delve, uniq_roxanne
Spider:2: nicolae_spider_hilbert_zone_7 [nicolae_spider_hilbert_4_sides_1_open,
          nicolae_spider_hilbert_4_sides_1_open,
          nicolae_spider_hilbert_4_sides_1_open,
          nicolae_spider_hilbert_4_sides_1_open,
          nicolae_spider_hilbert_3_sides_1_open,
          nicolae_spider_hilbert_3_sides_1_open,
          nicolae_spider_hilbert_3_sides_1_open,
          nicolae_spider_hilbert_3_sides_1_open,
          nicolae_spider_hilbert_4_sides_1_open,
          nicolae_spider_hilbert_4_sides_1_open,
          nicolae_spider_hilbert_4_sides_1_open,
          nicolae_spider_hilbert_2_sides_1_open,
          nicolae_spider_hilbert_2_sides_1_open,
          nicolae_spider_hilbert_2_sides_1_open,
          nicolae_spider_hilbert_2_sides_1_open,
          nicolae_spider_hilbert_2_sides_1_open,
          nicolae_spider_hilbert_2_sides_1_open], hellmonk_test_site, uniq_agnes
Spider:3: layout_chambers, nicolae_spider_twisty_arc_passages
Spider:4: hellmonk_spider_rune_bug_friends, nicolae_spider_solar_radiation
Orc:1:    dreamdust_under_siege, layout_caves, basic_altar, led_sif_book,
          uniq_sonja
Orc:2:    st_orc_rangers, layout_caves, nicolae_orc_rockfall,
          kennysheep_orc_chapel
Elf:1:    eino_elf_arrival_customs, layout_gridlike,
          portal_desolation_entry_garden, special_room [special_room_orc],
          basic_altar, hangedman_elf_represent, nrook_mini_backslash
Elf:2:    elven_hall_of_blades_hangedman_original
          [nicolae_blade_entry_crossed_weapons], layout_onion_city,
          nicolae_elf_glassroom_feature, uniq_aizul
Elf:3:    nooodl_elf_gasket, layout_geoelf_octagon, drop_trap,
          palyth_stone_intersect

Skill      XL: |  1  2  3  4  5  6  7  8  9 10 11 12 13 14 15 16 17 18 19 20 21 |
---------------+----------------------------------------------------------------+-----
Axes           | 3 4 5 8 10 11 12 13 15 16 17 18 19 20 | 20.0
Fighting       | 4 7 9 10 12 13 14 15 16 17 18 | 18.8
Armour         | 5 8 10 12 13 14 15 16 17 18 | 18.1
Invocations    | 4 5 7 8 |  8.0
Throwing       | 4 6 8 9 10 11 12 13 14 | 14.7
Dodging        | 3 5 7 8 |  8.0
Shields        | 5 9 11 12 14 15 | 15.3

Action                     |  1- 3 |  4- 6 |  7- 9 | 10-12 | 13-15 | 16-18 | 19-21 || total
---------------------------+-------+-------+-------+-------+-------+-------+-------++-------
  Melee: War axe           |    99 |   186 |   285 |   625 |   781 |     4 |       ||  1980
         Unarmed           |       |     2 |       |       |       |       |       ||     2
         Broad axe         |       |       |       |       |   110 |   641 |   633 ||  1384
         Battleaxe         |       |       |       |       |       |     6 |    62 ||    68
  Throw: Dart              |       |       |       |       |     6 |    17 |       ||    23
         Javelin           |       |       |       |       |     3 |    24 |       ||    27
         Boomerang         |       |       |       |       |     1 |       |       ||     1
 Invoke: Heroism           |       |       |       |     2 |     2 |     2 |       ||     6
         Finesse           |       |       |       |       |     1 |       |       ||     1
  Evoke: Wand              |       |       |       |     3 |     2 |     1 |       ||     6
    Use: Potion            |       |     1 |       |     4 |       |     1 |     3 ||     9
         Scroll            |       |       |       |    15 |     8 |     4 |     4 ||    31
   Stab: Distracted        |       |       |       |       |     1 |    11 |    11 ||    23
         Invisible         |       |       |       |       |       |     3 |       ||     3
 Armour: Scale mail        |    32 |       |       |       |       |       |       ||    32
         Chain mail        |    16 |    60 |       |       |       |       |       ||    76
         Plate armour      |       |    27 |   172 |   424 |    84 |    72 |   171 ||   950
         Swamp dragon scal |       |       |       |       |   343 |    43 |       ||   386
         Crystal plate arm |       |       |       |       |       |   168 |   128 ||   296
  Dodge: Dodged            |    44 |    66 |    68 |   204 |   390 |   221 |   178 ||  1171
  Block: Buckler           |    27 |    47 |    69 |   136 |   160 |    49 |       ||   488
         Kite shield       |       |       |       |       |       |   179 |   257 ||   436
         Tower shield      |       |       |       |       |       |       |    22 ||    22

Table legend: (Time is in decaauts)
 A = Elapsed time spent in this place.
 B = Non-inter-level travel time spent in this place.
 C = Inter-level travel time spent in this place.
 D = Time resting spent in this place.
 E = Time spent auto-exploring this place.
 F = Levels seen in this place.
 G = Mean time per level.
                   A        B        C        D        E       F      G
               +--------+--------+--------+--------+--------+-----+--------+
         Total |  47973 |  45860 |   2113 |  19664 |  17498 |  36 | 1332.6 |
       Dungeon |  18822 |  17990 |    832 |   7025 |   7697 |  15 | 1254.8 |
        Temple |    138 |    115 |     23 |      0 |     83 |   1 |  138.0 |
          Lair |   8595 |   8202 |    393 |   3706 |   3087 |   5 | 1719.0 |
         Swamp |   3782 |   3666 |    116 |   1700 |   1208 |   4 |  945.5 |
   Spider Nest |   6613 |   6342 |    271 |   3019 |   2261 |   4 | 1653.2 |
  Orcish Mines |   2347 |   2104 |    243 |    767 |   1037 |   2 | 1173.5 |
   Elven Halls |   4954 |   4721 |    233 |   1945 |   1526 |   3 | 1651.3 |
        Bailey |   1255 |   1255 |      0 |    749 |    191 |   1 | 1255.0 |
    Desolation |   1464 |   1464 |      0 |    752 |    408 |   1 | 1464.0 |
               +--------+--------+--------+--------+--------+-----+--------+

Top non-repeatable levels by time:
  Lair:5: 2654 daAuts
Spider:3: 2544 daAuts
     D:8: 2044 daAuts
   Elf:2: 1857 daAuts
  Lair:2: 1826 daAuts
Spider:2: 1759 daAuts
   Elf:3: 1725 daAuts
    D:10: 1725 daAuts
     D:7: 1679 daAuts
    D:14: 1623 daAuts
  Lair:1: 1614 daAuts
     D:5: 1562 daAuts
Desolation: 1464 daAuts
  Lair:4: 1431 daAuts
 Swamp:1: 1426 daAuts
